 Dungeon Crawl Stone Soup version 0.26-a0-652-gafc20e3620 (webtiles) character file.

Game seed: 15063900843422198666

193 oldriver the Firebug (level 5, -3/28 HPs)
             Began as a Gargoyle Fire Elementalist on Oct 2, 2020.
             Slain by an iguana (5 damage)
             ... on level 4 of the Dungeon.
             The game lasted 00:05:13 (4680 turns).

oldriver the Firebug (Gargoyle Fire Elementalist)   Turns: 4680, Time: 00:05:13

Health: -3/28      AC:  9    Str:  6 (9)  XL:     5   Next: 72%
Magic:  2/10       EV: 12    Int: 14 (17) God:
Gold:   208        SH:  0    Dex:  9 (10) Spells: 7/11 levels left

rFire    . . .     SeeInvis .   e - +0 short sword
rCold    + . .     Faith    .   (no shield)
rNeg     + . .     Spirit   .   a - +1 robe
rPois    ∞         Reflect  .   (no helmet)
rElec    +         Harm     .   (no cloak)
rCorr    +         Rampage  .   (no gloves)
MR       .....                  (no boots)
Stlth    ++........             (no amulet)
HPRegen  0.09/turn              b - ring of protection from cold
MPRegen  0.12/turn              p - ring of resist corrosion

@: no status effects
A: hooves 1, molten scales 1, deterioration 1, negative energy resistance 1,
electricity resistance, weak 1, unbreathing, petrification resistance, rot
immunity, AC +4
a: no special abilities


You were on level 4 of the Dungeon.
You visited 1 branch of the dungeon, and saw 4 of its levels.

You collected 208 gold pieces.

Inventory:

Hand Weapons
 e - a +0 short sword (weapon)
Armour
 a - a +1 robe (worn)
Jewellery
 b - a ring of protection from cold (left hand)
 k - an uncursed ring of flight
 p - a ring of resist corrosion (right hand)
Wands
 o - a wand of digging (7)
Scrolls
 d - a scroll of fog {unknown}
 f - 2 scrolls of amnesia {unknown}
 g - 3 scrolls of identify
 h - 2 scrolls of immolation
 i - 2 scrolls of noise
 l - 2 scrolls of remove curse
Potions
 c - 4 potions of curing


   Skills:
 + Level 0.6 Short Blades
 + Level 1.6 Dodging
 + Level 2.5 Stealth
 * Level 3.5 Spellcasting
 * Level 2.5 Conjurations
 * Level 4.4 Fire Magic


You had 7 spell levels left.
You knew the following spells:

 Your Spells              Type           Power        Failure   Level
a - Foxfire               Conj/Fire      ##..         4%          1
b - Conjure Flame         Conj/Fire      ##......     14%         3

Your spell library contained the following spells:

 Spells                   Type           Power        Failure   Level
 Inner Flame              Hex/Fire       #.......     24%         3
 Sticky Flame             Conj/Fire      ##......     43%         4
 Confusing Touch          Hex            #.......     52%         3
 Gell's Gravitas          Tloc           #.........   52%         3
 Fireball                 Conj/Fire      ##........   80%         5
 Petrify                  Tmut/Erth      #.......     90%         4
 Metabolic Englaciation   Hex/Ice        #.........   99%         5
 Yara's Violent Unravell  Hex/Tmut       #.........   99%         5


Dungeon Overview and Level Annotations

Branches:
Dungeon (4/15)
 Temple: D:4-7

Altars:
Cheibriados


Innate Abilities, Weirdness & Mutations

You are resistant to torment.
Your stone body is resilient. (AC +4)
You are immune to poison.
You resist negative energy. (rN+)
You are resistant to electric shocks. (rElec)
You can survive without breathing.
You are immune to petrification.
You are immune to rotting.
You have large cloven feet.
You are partially covered in molten scales. (AC +2)
Your body sometimes deteriorates upon taking damage.
You are weak. (Str -2)


Message History

Confirm with . or Enter, or press ? or * to list all spells.
You conjure some foxfire!
The iguana barely misses you.
Casting: Foxfire (safe; 4% risk of failure)
Confirm with . or Enter, or press ? or * to list all spells.
You conjure some foxfire!
The foxfire hits the iguana but does no damage.
The iguana is almost dead.
The iguana bites you!
Casting: Foxfire (safe; 4% risk of failure)
Confirm with . or Enter, or press ? or * to list all spells.
You conjure some foxfire!
Your foxfire dissipates!
The iguana bites you!
* * * LOW HITPOINT WARNING * * *
You hit the iguana but do no damage.
The iguana is almost dead.
The foxfire hits the iguana.
The iguana is almost dead.
The iguana bites you.
You die...

### #<#
#§#
#######§#
#.....#§#
#.###l#v#
#...@v#
#######


You could see an iguana.

Vanquished Creatures
  2 orc priests (D:3)
  7 adders
  A worm (D:2)
  3 leopard geckos
  3 orcs (D:3)
  2 ball pythons
  2 giant cockroaches
  11 goblins
  5 hobgoblins
  3 jackals (D:3)
  5 kobolds
  6 bats
  3 frilled lizards
  A jackal skeleton (D:2)
  12 rats
66 creatures vanquished.

Vanquished Creatures (others)
  263 foxfires
263 creatures vanquished.

Grand Total: 329 creatures vanquished

Notes
Turn   | Place    | Note
-------+----------+-------------------------------------------
     0 | D:1      | oldriver the Gargoyle Fire Elementalist began the quest for
                  | the Orb.
     0 | D:1      | Reached XP level 1. HP: 10/10 MP: 3/3
   343 | D:1      | Reached XP level 2. HP: 15/15 MP: 0/5
  1588 | D:2      | Reached XP level 3. HP: 19/19 MP: 0/7
  2194 | D:2      | Learned a level 3 spell: Conjure Flame
  2601 | D:2      | Reached XP level 4. HP: 23/24 MP: 2/8
  3368 | D:3      | Reached XP level 5. HP: 28/28 MP: 5/10
  3563 | D:3      | Reached skill level 4 in Fire Magic
  3614 | D:3      | Gained mutation: You are weak. (Str -2) [potion of
                  | mutation]
  3614 | D:3      | Gained mutation: Your body sometimes deteriorates upon
                  | taking damage. [potion of mutation]
  3614 | D:3      | Gained mutation: You are partially covered in molten
                  | scales. (AC +2) [potion of mutation]
  3614 | D:3      | Gained mutation: You have large cloven feet. [potion of
                  | mutation]
  3878 | D:3      | Found a snail-covered altar of Cheibriados.
  4680 | D:4      | Slain by an iguana

Illustrated notes

Levels and vault maps discovered:
D:1:      matt_arrival_spirals, layout_loops_ring
D:2:      layout_basic
D:3:      layout_basic, cheibriados_altar_1
D:4:      layout_basic, uniq_pikel, uniq_natasha

Skill      XL: |  1  2  3  4  5 |
---------------+----------------+-----
Conjurations   | 2 |  2.5
Spellcasting   | 3 |  3.5
Fire Magic     | 4 |  4.4
Short Blades   | |  0.6
Dodging        | |  1.6
Stealth        | |  2.5

Action                   |  1- 3 |  4- 6 || total
-------------------------+-------+-------++-------
Melee: Unarmed           |    12 |       ||    12
       Short sword       |    17 |    48 ||    65
       Kick              |       |     3 ||     3
 Cast: Foxfire           |   100 |   108 ||   208
  Use: Scroll            |       |     5 ||     5
       Potion            |       |     4 ||     4
 Stab: Sleeping          |     1 |       ||     1
Armor: Robe              |     9 |    29 ||    38
Dodge: Dodged            |    32 |    59 ||    91

Table legend: (Time is in decaauts)
 A = Elapsed time spent in this place.
 B = Non-inter-level travel time spent in this place.
 C = Inter-level travel time spent in this place.
 D = Time resting spent in this place.
 E = Time spent auto-exploring this place.
 F = Levels seen in this place.
 G = Mean time per level.
                   A        B        C        D        E       F      G
               +--------+--------+--------+--------+--------+-----+--------+
         Total |   4683 |   4592 |     91 |    833 |   3217 |   4 | 1170.8 |
       Dungeon |   4683 |   4592 |     91 |    833 |   3217 |   4 | 1170.8 |
               +--------+--------+--------+--------+--------+-----+--------+

Top non-repeatable levels by time:
     D:1: 1644 daAuts
     D:3: 1575 daAuts
     D:2: 1440 daAuts
     D:4: 22 daAuts
